 Dungeon Crawl Stone Soup version 0.29-a0-495-g17b79114eb (webtiles) character file.

Game seed: 4365716253695188406

3872 xian the Destroyer (level 10, -3/77 HPs)
             Began as a Yellow Draconian Conjurer on May 27, 2022.
             Was an Initiate of Gozag.
             Slain by a two-headed ogre
             ... wielding a +3 dire flail
              (10 damage)
             ... on level 9 of the Dungeon on May 28, 2022.
             The game lasted 00:42:53 (10060 turns).

xian the Destroyer (Yellow Draconian Conjurer)     Turns: 10060, Time: 00:42:53

Health: -3/77      AC: 17    Str: 10    XL:     10   Next: 0%
Magic:  15/22      EV: 11    Int: 23    God:    Gozag
Gold:   1056       SH:  7    Dex:  9    Spells: 10/25 levels left

rFire   . . .      SeeInvis .   p - +2 mace (venom)
rCold   . . .      Faith    .   D - +0 kite shield
rNeg    + . .      Spirit   .   (body armour unavailable)
rPois   .          Reflect  .   (helmet restricted)
rElec   .          Harm     .   F - +2 cloak
rCorr   +          Rampage  .   q - +0 pair of gloves
Will    .....                   g - +0 pair of boots
Stlth   ++........              l - amulet of magic regeneration
HPRegen 0.22/turn               z - ring of positive energy
MPRegen 0.58/turn               (no ring)

@: ice-armoured, hasted, very quick
A: spit acid, AC +7, unfitting armour, cold-blooded, acid resistance
a: Breathe Acid, Renounce Religion, Potion Petition, Call Merchant, Bribe Branch


You were on level 9 of the Dungeon.
You worshipped Gozag.
Gozag was most pleased with you.
You visited 2 branches of the dungeon, and saw 10 of its levels.

You collected 1186 gold pieces.
You spent 28 gold pieces at shops.
You paid 102 gold pieces to Gozag.

Inventory:

Hand Weapons
 p - a +2 mace of venom (weapon)
 G - a +2 shortbow of freezing
Armour
 g - a +0 pair of boots (worn)
 q - a +0 pair of gloves (worn)
 D - a +0 kite shield (worn)
 F - a +2 cloak (worn)
Jewellery
 l - an amulet of magic regeneration (around neck)
 z - a ring of positive energy (left hand)
Wands
 B - a wand of paralysis (11)
 C - a wand of iceblast (6)
Scrolls
 d - 4 scrolls of teleportation
 e - 2 scrolls of summoning
 f - 2 scrolls of fear
 i - 4 scrolls of brand weapon
 j - 2 scrolls of silence
 k - a scroll of immolation {unknown}
 r - 2 scrolls of enchant weapon
 s - 2 scrolls of amnesia {unknown}
 w - a scroll of vulnerability {unknown}
 y - a scroll of poison {unknown}
 E - a scroll of noise {unknown}
 H - a scroll of enchant armour {unknown}
 J - a scroll of magic mapping {unknown}
Potions
 a - a potion of magic
 b - a potion of degeneration {unknown}
 c - 3 potions of brilliance
 h - 3 potions of ambrosia
 m - 4 potions of mutation
 n - a potion of attraction {unknown}
 t - a potion of lignification {unknown}
 u - 2 potions of heal wounds
 v - a potion of curing
 x - a potion of flight {unknown}
 A - 3 potions of might {unknown}
 I - a potion of invisibility {unknown}


   Skills:
 + Level 3.1 Fighting
 + Level 1.4 Short Blades
 + Level 1.3 Maces & Flails
 + Level 4.1 Dodging
 + Level 3.8 Stealth
 + Level 2.4 Shields
 + Level 0.6 Unarmed Combat
 + Level 8.4 Spellcasting
 + Level 9.1 Conjurations
 + Level 2.1 Earth Magic


You had 10 spell levels left.
You knew the following spells:

 Your Spells              Type           Power      Damage    Failure   Level
a - Magic Dart            Conj           100%       1d8       1%          1
b - Searing Ray           Conj           100%       2d8       1%          2
c - Stone Arrow           Conj/Erth      70%        3d11      6%          3
d - Passwall              Tmut/Erth      11%        N/A       21%         2
e - Iskenderun's Mystic   Conj/Tloc      30%        2d8       32%         4
f - Ozocubu's Armour      Ice            10%        N/A       52%         3

Your spell library contained the following spells:

 Spells                   Type           Power      Damage    Failure   Level
 Sandblast                Erth           38%        2d10      9%          1
 Dazzling Flash           Conj/Hex       60%        N/A       10%         3
 Freeze                   Ice            40%        1d6       21%         1
 Fulminant Prism          Conj/Hex       15%        3d11      32%         4
 Hailstorm                Conj/Ice       31%        3d8       32%         4
 Frozen Ramparts          Ice            20%        1d4       52%         3
 Confusing Touch          Hex            9%         N/A       54%         3
 Leda's Liquefaction      Hex/Erth       7%         N/A       80%         4
 Lee's Rapid Deconstruct  Erth           9%         3d8*      94%         5
 Yara's Violent Unravell  Hex/Tmut       4%         3d4       99%         5
 Statue Form              Tmut/Erth      9%         N/A       100%        6
 Enfeeble                 Hex            4%         N/A       100%        7
 Ozocubu's Refrigeration  Ice            5%         4d6       100%        7


Dungeon Overview and Level Annotations

Branches:
Dungeon (9/15)             Temple (1/1) D:5            Lair (0/6) D:9
    Orc: D:9-12

Altars:
Ashenzari
Cheibriados
Dithmenos
Elyvilon
Fedhas
Gozag
Hepliaklqana
Kikubaaqudgha
Makhleb
Nemelex Xobeh
Okawaru
Qazlal
Ru
Sif Muna
Trog
Uskayaw
Vehumet
Wu Jian
Xom
Yredelemnul
Zin
The Shining One

Shops:
D:1 ??[


Innate Abilities, Weirdness & Mutations

You can spit globs of acid.
Your golden yellow scales are hard. (AC +7)
You cannot fit into any form of body armour.
You are cold-blooded and may be slowed by cold attacks.
You are resistant to acid. (rCorr)


Message History

Aiming: Stone Arrow (dangerous; 6% risk of failure)
Press: ? - help, Shift-Dir - straight line, f/p - two-headed ogre
Aim: a two-headed ogre, wielding a +3 dire flail and a +0 giant spiked club (moderately wounded, 88% to hit)
The stone arrow hits the two-headed ogre!
The two-headed ogre is moderately wounded.
The two-headed ogre hits you with a +3 dire flail.
You block the two-headed ogre's attack.
The two-headed ogre completely misses you.
The two-headed ogre hits you with a +0 giant spiked club!
* * * LOW HITPOINT WARNING * * *
Okay, then.
As you read the scroll of fear, it crumbles to dust.
You assume a fearsome visage.
The two-headed ogre looks frightened!
Your icy armour will break if you move.
Continue? [Y]es or [N]o only, please.
Your icy armour will break if you move.
Continue? [Y]es or [N]o only, please.
Your icy armour will break if you move.
Continue?
Okay, then.
Casting: Stone Arrow (dangerous; 6% risk of failure)
Confirm with . or Enter, or press ? or * to list all spells.
Aiming: Searing Ray (safe; 1% risk of failure)
Press: ? - help, Shift-Dir - straight line, f/p - two-headed ogre
Aim: a two-headed ogre, wielding a +3 dire flail and a +0 giant spiked club (moderately wounded, fleeing, 92% to hit)
The searing ray hits the two-headed ogre.
The two-headed ogre is heavily wounded.
Your attack snaps the two-headed ogre out of its fear. (Press . to maintain the ray.)
You have got your breath back.
The searing ray hits the two-headed ogre!
The two-headed ogre is heavily wounded.
You block the two-headed ogre's attack. The two-headed ogre barely misses you.
The searing ray hits the two-headed ogre.
The two-headed ogre is heavily wounded.
You feel yourself speed up.
The two-headed ogre hits you with a +3 dire flail!
* * * LOW HITPOINT WARNING * * *
The two-headed ogre hits you with a +0 giant spiked club!
You die...
Your body crumbles into a pile of gold.

)..######## .).#
#....# .<.#
#....# )..#
#....# ...#
#....# # ...#
#....# .# ...#
####....# ..#..#
....
........#...#..#
.....
.......@O...#..#
......
........#...#..#
.......
........#####..##
................#
................#
................#
############....#
#....# #....#


You could see a two-headed ogre.

Vanquished Creatures
  2 trolls
  A water moccasin (D:7)
  3 orc warriors
  2 black bears
  A centaur (D:7)
  An ogre (D:5)
  A wolf (D:9)
  3 phantoms
  3 scorpions
  3 bullfrogs
  2 gnoll sergeants
  2 necrophages
  7 wights
  5 killer bees (D:9)
  A howler monkey (D:4)
  A vampire bat (D:4)
  An electric eel (D:9)
  7 orc priests
  Crazy Yiuf (D:4)
  7 hounds
  A jelly (D:7)
  4 iguanas
  Natasha (thrice) (D:3)
  4 orc wizards
  9 adders
  14 gnolls
  2 white imps
  2 worms
  3 dart slugs
  33 orcs
  5 ball pythons
  14 bats
  12 endoplasms
  A giant cockroach (D:2)
  9 hobgoblins
  3 jackals (D:2)
  3 quokkas
  4 frilled lizards
  5 kobolds
  7 rats
192 creatures vanquished.

Notes
Turn   | Place    | Note
-------+----------+-------------------------------------------
     0 | D:1      | xian the Draconian Conjurer began the quest for the Orb.
     0 | D:1      | Reached XP level 1. HP: 14/14 MP: 3/3
   260 | D:1      | Found Fiaso's Armour Boutique.
   394 | D:1      | Found Ytaraajo's Magic Scroll Shop.
   427 | D:1      | Found a faded altar of an unknown god.
   543 | D:1      | Reached XP level 2. HP: 16/20 MP: 0/5
  1481 | D:1      | Found Tannaix's Magic Scroll Boutique.
  1491 | D:1      | Bought a scroll of identify for 28 gold pieces
  1744 | D:2      | Reached XP level 3. HP: 26/26 MP: 1/6
  2286 | D:3      | Reached XP level 4. HP: 33/33 MP: 5/7
  2418 | D:3      | Reached skill level 5 in Conjurations
  2439 | D:3      | Learned a level 2 spell: Searing Ray
  2530 | D:3      | Noticed Natasha
  2544 | D:3      | Killed Natasha
  2936 | D:3      | Noticed Natasha
  2941 | D:3      | Killed Natasha
  2942 | D:3      | Reached XP level 5. HP: 39/39 MP: 5/9
  2950 | D:3      | Noticed Natasha
  2956 | D:3      | Killed Natasha
  3295 | D:2      | Reached skill level 6 in Conjurations
  3295 | D:2      | Reached XP level 6. HP: 16/46 MP: 11/11
  3343 | D:2      | Reached skill level 1 in Fighting
  4183 | D:4      | Your scales start taking on a golden yellow colour.
  4183 | D:4      | Reached XP level 7. HP: 52/52 MP: 8/13
  4183 | D:4      | Gained mutation: You are resistant to acid. (rCorr) [Yellow
                  | Draconian growth]
  4310 | D:4      | Found a runed translucent door.
  4311 | D:4      | Noticed Crazy Yiuf
  4326 | D:4      | Killed Crazy Yiuf
  4446 | D:4      | Found a hazy altar of Hepliaklqana.
  4447 | D:4      | Found a stormy altar of Qazlal.
  4447 | D:4      | Found a sacrificial altar of Ru.
  4449 | D:4      | Found a hide-covered altar of Uskayaw.
  4450 | D:4      | Found a blossoming altar of Fedhas.
  4562 | D:5      | Entered Level 5 of the Dungeon
  4569 | D:5      | Found a staircase to the Ecumenical Temple.
  4599 | Temple   | Entered the Ecumenical Temple
  4759 | Temple   | Became a worshipper of Gozag Ym Sagoz the Greedy
  4995 | D:5      | Noticed a troll
  5380 | D:5      | Reached skill level 1 in Short Blades
  5380 | D:5      | Reached skill level 5 in Spellcasting
  5394 | D:5      | Reached skill level 7 in Conjurations
  5927 | D:5      | Reached XP level 8. HP: 61/61 MP: 16/16
  6030 | D:5      | Learned a level 3 spell: Stone Arrow
  6033 | D:5      | Learned a level 2 spell: Passwall
  6038 | D:5      | Learned a level 4 spell: Iskenderun's Mystic Blast
  6042 | D:5      | Learned a level 3 spell: Ozocubu's Armour
  6163 | D:5      | Killed a troll
  6497 | D:6      | Reached skill level 8 in Conjurations
  6878 | D:6      | Reached XP level 9. HP: 51/68 MP: 11/19
  7181 | D:7      | Reached skill level 1 in Maces & Flails
  7255 | D:7      | Found a snail-covered altar of Cheibriados.
  7310 | D:7      | Reached skill level 1 in Shields
  7776 | D:7      | Reached skill level 1 in Earth Magic
  9444 | D:9      | Reached skill level 9 in Conjurations
  9820 | D:9      | Found a staircase to the Lair.
  9894 | D:9      | Noticed a troll
  9901 | D:9      | Killed a troll
  9902 | D:9      | Reached XP level 10. HP: 52/77 MP: 9/22
 10046 | D:9      | Noticed a two-headed ogre
 10060 | D:9      | Slain by a two-headed ogre

Illustrated notes

Levels and vault maps discovered:
D:1:      psy_arrival_fountain, layout_basic, serial_shops,
          nicolae_lakefront_shop, shop, nicolae_shop_waterfront,
          hellmonk_ecumenical_altar_leap_of_faith, wad_floor_pattern_1
D:2:      cheibrodos_pilgrimage, layout_basic, minmay_pentomino_q4
D:3:      layout_loops_ring, uniq_natasha
D:4:      layout_cave_pools, minitemple, roderic_batcave,
          uniq_crazy_yiuf_cottage
D:5:      kennysheep_six_static_rooms, layout_basic, minmay_temple_entry_slanted
D:6:      layout_basic
D:7:      layout_basic, lemuel_tele_altar
D:8:      layout_layer_cave, hangedman_glass_garden
D:9:      layout_irregular_city, erik_lair_island, serial_column_ruins,
          column_ruins_columns_straight, column_ruins_grid_1,
          column_ruins_open_tiny, column_ruins_columns_straight,
          column_ruins_open_tiny
Temple:   regret_index_temple_sphere_string

Skill      XL: |  1  2  3  4  5  6  7  8  9 |
---------------+----------------------------+-----
Dodging        | 2 3 4 |  4.1
Conjurations   | 5 6 7 8 9 |  9.1
Spellcasting   | 3 4 5 7 8 |  8.4
Fighting       | 1 2 3 |  3.1
Stealth        | 2 3 |  3.8
Short Blades   | 1 |  1.4
Maces & Flails | 1 |  1.3
Shields        | 2 |  2.4
Earth Magic    | 2 |  2.1
Unarmed Combat | |  0.6

Action                   |  1- 3 |  4- 6 |  7- 9 | 10-12 || total
-------------------------+-------+-------+-------+-------++-------
Melee: Unarmed           |    10 |       |     2 |       ||    12
       Trident           |     1 |       |       |       ||     1
       Dagger            |       |    12 |       |       ||    12
       Tailslap          |       |     1 |     1 |       ||     2
       Mace              |       |       |    12 |       ||    12
 Cast: Magic Dart        |    82 |   130 |   162 |       ||   374
       Searing Ray       |       |     4 |    37 |     2 ||    43
       Stone Arrow       |       |       |    31 |     1 ||    32
       Iskenderun's Myst |       |       |     2 |       ||     2
       Ozocubu's Armour  |       |       |     1 |     1 ||     2
 Abil: Breathe Acid      |       |       |    24 |     1 ||    25
  Use: Scroll            |     3 |     3 |     4 |     1 ||    11
       Potion            |       |       |     1 |     1 ||     2
Armor: Skin              |     6 |    15 |    49 |     1 ||    71
Dodge: Dodged            |     8 |    17 |    74 |     2 ||   101
Block: Kite shield       |       |       |    42 |     3 ||    45

Table legend: (Time is in decaauts)
 A = Elapsed time spent in this place.
 B = Non-inter-level travel time spent in this place.
 C = Inter-level travel time spent in this place.
 D = Time resting spent in this place.
 E = Time spent auto-exploring this place.
 F = Levels seen in this place.
 G = Mean time per level.
                   A        B        C        D        E       F      G
               +--------+--------+--------+--------+--------+-----+--------+
         Total |  10070 |   9810 |    260 |    746 |   7260 |  10 | 1007.0 |
       Dungeon |   9884 |   9649 |    235 |    746 |   7136 |   9 | 1098.2 |
        Temple |    185 |    160 |     25 |      0 |    124 |   1 |  185.0 |
               +--------+--------+--------+--------+--------+-----+--------+

Top non-repeatable levels by time:
     D:1: 1603 daAuts
     D:5: 1369 daAuts
     D:2: 1344 daAuts
     D:8: 1059 daAuts
     D:7: 989 daAuts
     D:3: 979 daAuts
     D:4: 889 daAuts
     D:9: 863 daAuts
     D:6: 785 daAuts
  Temple: 185 daAuts
